 Dungeon Crawl Stone Soup version 0.28-a0-983-g1de4e0787c (webtiles) character file.

Game seed: 6924076790449937733

92 sanka the Fighter (level 4, -6/52 HPs)
             Began as a Palentonga Abyssal Knight on Dec 2, 2021.
             Was a Believer of Lugonu.
             Mangled by a gnoll (7 damage)
             ... on level 1 of the Dungeon.
             The game lasted 00:01:36 (1243 turns).

sanka the Fighter (Palentonga Abyssal Knight)       Turns: 1243, Time: 00:01:37

Health: -6/52      AC:  4    Str: 18    XL:     4   Next: 35%
Magic:  5/5        EV:  9    Int: 10    God:    Lugonu [**....]
Gold:   60         SH:  0    Dex: 11    Spells: 3/3 levels left

rFire   . . .      SeeInvis +   a - +1 hand axe
rCold   . . .      Faith    .   (no shield)
rNeg    . . .      Spirit   .   b - +0 leather armour
rPois   .          Reflect  .   (no helmet)
rElec   .          Harm     .   (no cloak)
rCorr   +          Rampage  .   (no gloves)
Will    .....                   (no barding)
Stlth   +.........              (no amulet)
HPRegen 0.17/turn               j - ring of flight
MPRegen 0.09/turn               d - ring of resist corrosion

@: lethally poisoned (-6 -> -14), flying
A: large, rugged brown scales 3, see invisible, deformed body, roll 1, armoured
tail
a: Rolling Charge, Renounce Religion, Depart the Abyss, Bend Space


You were on level 1 of the Dungeon.
You worshipped Lugonu.
Lugonu was pleased with you.
You visited 1 branch of the dungeon, and saw 2 of its levels.
You visited the Abyss 1 time.

You collected 60 gold pieces.


Innate Abilities, Weirdness & Mutations

You are completely covered in rugged brown scales. (AC +3, +7% HP)
You have supernaturally acute eyesight. (SInv)
Armour fits poorly on your strangely shaped body.
You can roll at nearby foes to attack.
You have a long armoured tail.


   Skills:
 - Level 10.9 Fighting
 + Level 3.8 Axes
 - Level 1.5 Armour
 - Level 0.7 Dodging
 - Level 2.0 Invocations


You had 3 spell levels left.
You didn't know any spells.
Your spell library was empty.

Inventory:

Hand Weapons
 a - a +1 hand axe (weapon)
Armour
 b - a +0 leather armour (worn)
 e - a +0 pair of gloves
Jewellery
 d - a ring of resist corrosion (right hand)
 j - a ring of flight (left hand)
Scrolls
 c - 2 scrolls of identify {unknown}
 f - a scroll of teleportation {unknown}
 i - a scroll of magic mapping {unknown}
 k - a scroll of fear {unknown}
Potions
 h - a potion of resistance {unknown}

Dungeon Overview and Level Annotations

Branches:
Dungeon (2/15)

Altars:

▒▒▒ ▒.▒ ▒▒▒▒▒▒▒▒▒▒▒▒▒▒▒.▒
▒...............▒
▒.▒▒▒▒▒▒▒▒▒▒▒▒▒.▒ ▒▒▒▒▒▒
▒.▒▒▒▒▒▒▒▒▒▒▒▒▒.▒ .....▒
▒.▒▒....Hg......▒ .....▒
▒.▒▒.▒▒▒▒▒▒▒▒▒..▒ .....▒
▒.▒▒.▒▒▒▒▒▒▒▒▒..▒▒▒▒ .....▒
▒.▒▒...............▒
.....▒▒▒▒..▒▒▒▒▒▒▒▒▒▒▒.▒▒▒▒▒
.....'..>..............▒
..^..▒▒▒...▒▒▒▒▒▒.▒▒▒▒▒▒
.......▒..........▒
.......▒..▒▒▒▒▒▒▒.▒


You could see a gnoll.


Message History

The quokka bites you but does no damage.
The gnoll closely misses you.
You hit the quokka.
You kill the quokka!
Lugonu accepts your kill. The gnoll closely misses you.
Here: a gnoll, wielding a +0 flail The floor.
The gnoll hits you from afar with a +0 spear of venom!
You are poisoned.
You feel very sick.
The gnoll hits you from afar with a +0 spear of venom!
* * * LOW HITPOINT WARNING * * *
You are lethally poisoned!
A mysterious force pulls you upwards. The hatch slams shut behind you.
* * * LOW HITPOINT WARNING * * *
You feel very sick.
Unknown command.
* * * LOW HITPOINT WARNING * * *
You feel very sick.
It was a potion of experience.
You feel more experienced!
Your Fighting skill gained 7 levels and is now at level 10!
You have reached level 4!
You feel agile.
* * * LOW HITPOINT WARNING * * *
You feel sick. The gnoll hits you with a +0 flail!
You die...

Action                   |  1- 3 |  4- 6 || total
-------------------------+-------+-------++-------
Melee: Hand axe          |    71 |       ||    71
       Tailslap          |     8 |       ||     8
  Use: Potion            |     1 |       ||     1
Armor: Leather armour    |    27 |       ||    27
Dodge: Dodged            |    31 |       ||    31

Levels and vault maps discovered:
D:1:      saegor_arrival_under_anarchy, layout_basic
D:2:      layout_basic, shapermc_ecumenical_altar_mp_vishouse

Notes
Turn   | Place    | Note
-------+----------+-------------------------------------------
     0 | Abyss:1  | sanka the Palentonga Abyssal Knight began the quest for the
                  | Orb.
     0 | Abyss:1  | Reached XP level 1. HP: 19/19 MP: 2/2
    35 | D:1      | Escaped the Abyss
   266 | D:1      | Reached XP level 2. HP: 25/25 MP: 3/3
   343 | D:1      | Reached skill level 3 in Axes
   577 | D:1      | Reached ** piety under Lugonu
   805 | D:1      | Reached XP level 3. HP: 13/31 MP: 4/4
  1242 | D:1      | HP: 2/31 [poisoned by a gnoll]
  1243 | D:1      | Identified a potion of experience
  1243 | D:1      | Reached skill level 10 in Fighting
  1243 | D:1      | Reached XP level 4. HP: 3/52 MP: 5/5
  1243 | D:1      | Mangled by a gnoll

Vanquished Creatures
  An adder (D:1)
  A worm (D:2)
  A dart slug (D:1)
  6 bats
  An endoplasm (D:1)
  A giant cockroach (D:1)
  A goblin (D:1)
  6 hobgoblins
  3 quokkas
  2 ball pythons
  A frilled lizard (D:1)
  2 kobolds (D:1)
  A rat (D:2)
27 creatures vanquished.
